AoeStats
← Pendergast

Arena

509022650Analyzed
3v3 RM · 6d ago on Sep 25, 2026· 59m 45s· 6 players
Game mode
Random Map
Map size
Normal (6 player)
Population
200
Speed
Normal
Resources
Standard
Victory
Conquest
Starting age
Dark Age
Ending age
Imperial Age
RankedLock teamsTeams togetherTeam positionsShared explorationLock speedFull tech treeHidden civsTurbo modeCheats
Victory
Defeat
🇵🇪 Malay · Peru
839
+18
🇵🇪 Burgundians · Peru
839
+18
🇵🇪 Italians · Peru
838
+18
🇲🇽 Celts · Mexico
948
-20
🇲🇽 Burgundians · Mexico
875
-18
🇲🇽 Japanese · Mexico
844
-16
Pendergast
10:48 Feudal Age
15:08 Castle Age
13:27 Double-Bit Axe
15:03 Bow Saw
16:03 Squires
15:58 Gold Mining
19:18 Imperial Age
17:54 Loom
18:52 Forging
20:23 Gold Shaft Mining
21:46 Capped Ram
24:19 Iron Casting
26:29 Blast Furnace
31:31 Wheelbarrow
30:42 Town Watch
32:01 Conscription
32:00 Horse Collar
33:08 Fletching
33:21 Arson
35:21 Heavy Plow
36:22 Stone Mining
37:35 Hand Cart
38:16 Treadmill Crane
38:46 Masonry
39:06 Town Patrol
41:00 Chemistry
40:22 Ballistics
42:32 Siege Engineers
43:25 Bodkin Arrow
49:31 Stone Shaft Mining
50:29 Bracer
56:46 Coinage
arzet!!!
10:23 Feudal Age
13:40 Horse Collar
20:46 Gold Mining
22:08 Stone Mining
32:51 Castle Age
33:02 Double-Bit Axe
36:31 Heavy Plow
46:47 Town Watch
48:04 Bow Saw
49:38 Coinage
49:23 Town Patrol
51:53 Stone Shaft Mining
51:20 Loom
53:28 Wheelbarrow
55:08 Hand Cart
58:27 Imperial Age
58:09 Ballistics
57:31 Treadmill Crane
57:54 Murder Holes
58:25 Ballistics
58:35 Elite Genoese Crossbowman
59:48 Pirotechnia
59:59 Conscription
Quepex
10:16 Feudal Age
9:53 Wheelbarrow
9:10 Double-Bit Axe
13:21 Horse Collar
21:57 Gold Mining
23:26 Bow Saw
23:34 Heavy Plow
29:39 Gold Shaft Mining
34:49 Stone Mining
36:03 Hand Cart
36:28 Stone Shaft Mining
40:51 Castle Age
41:39 Squires
43:07 Two-Man Saw
43:24 Pikeman
43:50 Arson
43:25 Man-at-Arms
45:01 Masonry
45:16 Long Swordsman
45:51 Treadmill Crane
47:27 Caravan
50:43 Imperial Age
50:35 Murder Holes
51:02 Ballistics
50:33 Guard Tower
53:32 Forging
53:22 Scale Mail Armor
55:36 Architecture
55:56 Arrowslits
57:11 Chemistry
56:47 Keep
56:23 Fortified Wall
56:19 Siphons
58:51 Coinage
58:31 Guilds
58:47 Capped Ram
Pikapork
12:37 Feudal Age
11:31 Double-Bit Axe
13:40 Bow Saw
14:11 Loom
17:25 Castle Age
15:35 Stone Mining
15:28 Horse Collar
16:32 Heavy Plow
17:33 Gold Mining
19:28 Stone Shaft Mining
24:02 Gold Shaft Mining
24:42 Crop Rotation
25:29 Two-Man Saw
30:28 Padded Archer Armor
30:19 Fletching
maalrivba
10:13 Feudal Age
14:15 Castle Age
12:31 Double-Bit Axe
13:07 Horse Collar
13:52 Gold Mining
15:40 Wheelbarrow
20:33 Heavy Plow
21:17 Bow Saw
21:28 Stone Mining
27:28 Loom
33:13 Hand Cart
32:44 Town Watch
35:29 Gold Shaft Mining
35:07 Town Patrol
35:47 Caravan
39:52 Arson
40:07 Squires
Davejua
10:07 Feudal Age
15:58 Castle Age
13:51 Double-Bit Axe
13:48 Horse Collar
21:10 Scale Mail Armor
21:18 Loom
24:00 Forging
25:48 Gambesons
28:27 Heavy Plow
34:07 Imperial Age
37:21 Wheelbarrow
36:32 Town Watch
37:24 Iron Casting
37:04 Chain Mail Armor
37:15 Furor Celtica
37:27 Conscription
36:57 Arson
37:35 Bow Saw
37:35 Capped Ram
40:33 Chemistry
42:53 Blast Furnace
42:23 Plate Mail Armor
42:10 Hand Cart
43:06 Heavy Scorpion
43:48 Pikeman
45:12 Gold Mining
45:13 Stone Mining
47:57 Fletching
47:41 Elite Woad Raider
47:55 Siege Ram
51:38 Ballistics
51:23 Siege Engineers
51:29 Masonry
51:30 Fortified Wall
51:17 Murder Holes
50:49 Halberdier
52:11 Bodkin Arrow
Connection lost

Rejoining the realm…

Still unreachable

The connection could not be restored.

Session expired

The server has moved on; the page needs a fresh start.